 Dungeon Crawl Stone Soup version 0.30.0-5-g1a98f26d00 (webtiles) character file.

Game seed: 17220210444875725477

29 CaptainMV the Changer (level 3, 0/31 HPs)
             Began as a Gnoll Wanderer on May 11, 2023.
             Succumbed to an adder's poison
             ... on level 2 of the Dungeon.
             The game lasted 00:08:16 (918 turns).

CaptainMV the Changer (Gnoll Wanderer)               Turns: 918, Time: 00:08:16

Health: 0/31       AC:  3    Str: 15    XL:     3   Next: 16%
Magic:  7/7        EV: 11    Int:  9    God:
Gold:   132        SH:  0    Dex: 11    Spells: 4/7 levels left

rFire   . . .        a - +0 spear
rCold   . . .        (no shield)
rNeg    . . .        e - +0 leather armour
rPois   .            (no helmet)
rElec   .            (no cloak)
rCorr   .            (no gloves)
SInv    .            (no boots)
Will    .....        (no amulet)
Stlth   +            (no ring)
HPRegen 0.25/turn    (no ring)
MPRegen 0.10/turn

%: no passive effects
@: lethally poisoned (0 -> -2)
A: fangs 1, strong nose, distributed training
a: no special abilities


You were on level 2 of the Dungeon.
You visited 1 branch of the dungeon, and saw 2 of its levels.

You collected 132 gold pieces.

Inventory:

Hand Weapons
 a - a +0 spear (weapon)
 c - a +0 dagger
Missiles
 b - 12 boomerangs (quivered)
 i - 5 javelins
Armour
 e - a +0 leather armour (worn)
Scrolls
 d - a scroll of blinking
 f - a scroll of amnesia {unknown}
 j - a scroll of enchant armour {unknown}
 k - a scroll of enchant weapon {unknown}
 m - a scroll of identify {unknown}
Potions
 g - a potion of brilliance {unknown}
 h - a potion of curing {unknown}
 l - a potion of haste {unknown}
 n - a potion of heal wounds {unknown}


   Skills:
 + Level 4.5 Fighting
 + Level 0.7 Short Blades
 + Level 0.7 Long Blades
 + Level 0.7 Axes
 + Level 0.7 Maces & Flails
 + Level 4.5 Polearms
 + Level 0.7 Staves
 + Level 0.7 Ranged Weapons
 + Level 4.5 Throwing
 + Level 0.7 Armour
 + Level 0.7 Dodging
 + Level 0.7 Stealth
 + Level 0.7 Shields
 + Level 0.7 Unarmed Combat
 + Level 2.8 Spellcasting
 + Level 0.5 Conjurations
 + Level 0.5 Hexes
 + Level 0.5 Summonings
 + Level 0.5 Necromancy
 + Level 0.5 Translocations
 + Level 5.4 Transmutations
 + Level 0.5 Fire Magic
 + Level 0.5 Ice Magic
 + Level 0.5 Air Magic
 + Level 0.5 Earth Magic
 + Level 0.5 Poison Magic
 + Level 0.9 Invocations
 + Level 0.7 Evocations


You had 4 spell levels left.
You knew the following spells:

 Your Spells              Type           Power      Damage    Failure   Level
a - Wereblood             Tmut           11%        N/A       6%          2
b - Beastly Appendage     Tmut           22%        N/A       4%          1

Your spell library contained the following spells:

 Spells                   Type           Power      Damage    Failure   Level
 Sting                    Tmut/Pois      24%        1d4       11%         1


Dungeon Overview and Level Annotations

Branches:
Dungeon (2/15)

Altars:

Shops:
D:1 (


Innate Abilities, Weirdness & Mutations

You have very sharp teeth.
Your uncanny sense of smell can sniff out nearby items.
Your experience applies equally to all skills.


Message History

The adder is almost dead.
You feel sick.
You are no longer poisoned.
The adder bites you.
You are poisoned.
The adder poisons you!
You barely miss the adder.
The adder is almost dead.
You feel sick. The adder barely misses you.
You miss the adder.
The adder is almost dead.
You feel sick. The adder bites you.
* * * LOW HITPOINT WARNING * * *
You are more poisoned.
The adder poisons you!
You closely miss the adder.
The adder is almost dead.
* * * LOW HITPOINT WARNING * * *
You feel sick. The adder bites you but does no damage.
You hit the adder but do no damage.
The adder is almost dead.
* * * LOW HITPOINT WARNING * * *
You feel sick. The adder bites you but does no damage.
You miss the adder. Your bite misses the adder.
The adder is almost dead.
* * * LOW HITPOINT WARNING * * *
You feel sick. The adder closely misses you.
You barely miss the adder. Your bite misses the adder.
The adder is almost dead.
* * * LOW HITPOINT WARNING * * *
You feel sick. The adder bites you but does no damage.
The adder barely misses you.
You miss the adder. Your bite misses the adder.
The adder is almost dead.
* * * LOW HITPOINT WARNING * * *
You feel sick. The adder bites you.
* * * LOW HITPOINT WARNING * * *
You barely miss the adder.
The adder is almost dead.
You die...

# [## ∆ ... #.##.#
##########
#....S########.....†...
#..@...)....########
.......#######....#...#.
.#####. #..#.#.#.#. #.
#..#.#.#.#. ..
#..#.#.#.#. ##
#..#.#)#.#. #..#.#.#.#.
##.#.#.#.#. #.#...#...


You could see an adder.

Vanquished Creatures
  A dart slug (D:1)
  A worm (D:2)
  3 ball pythons
  A bat (D:2)
  2 endoplasms (D:1)
  6 goblins
  4 kobolds
  A quokka (D:1)
  A frilled lizard (D:1)
  3 rats
23 creatures vanquished.

Notes
Turn   | Place    | Note
-------+----------+-------------------------------------------
     0 | D:1      | CaptainMV the Gnoll Wanderer began the quest for the Orb.
     0 | D:1      | CaptainMV set off with the following items: a +0 spear, 8
                  | boomerangs, a +0 dagger, a scroll of blinking, a +0 leather
                  | armour; and the following spells available to memorise:
                  | Beastly Appendage, Wereblood, Sting.
     0 | D:1      | Reached XP level 1. HP: 20/20 MP: 4/4
   126 | D:1      | Reached XP level 2. HP: 20/26 MP: 5/5
   275 | D:1      | Found Nuolocui's Weapon Shoppe.
   730 | D:2      | Learned a level 2 spell: Wereblood
   732 | D:2      | Learned a level 1 spell: Beastly Appendage
   781 | D:2      | Reached XP level 3. HP: 20/31 MP: 7/7
   917 | D:2      | HP: 1/31 [adder (2)]
   918 | D:2      | Succumbed to an adder's poison

Illustrated notes

Levels and vault maps discovered:
D:1:      dpeg_arrival_round_c, layout_loops_ring, serial_shops,
          nicolae_shop_scrapyard, minmay_misc_feat_diagonals
D:2:      layout_loops_cross, minivault_27, minmay_stone_trees_medium

Action                     || total
---------------------------++-------
  Melee: Spear             ||    98
         Bite              ||     5
         Punch             ||     1
 Armour: Leather armour    ||    27
  Dodge: Dodged            ||    48
